 Dungeon Crawl Stone Soup version 0.28-a0-843-gb979743d38 (webtiles) character file.

Game seed: 7267567201741647930

18 Ijustatesigmund the Skirmisher (level 2, -1/20 HPs)
             Began as a Gargoyle Fighter on Nov 12, 2021.
             Slain by a hobgoblin (3 damage)
             ... on level 1 of the Dungeon.
             The game lasted 00:00:53 (566 turns).

Ijustatesigmund the Skirmisher (Gargoyle Fighter)    Turns: 566, Time: 00:00:54

Health: -1/20      AC:  9    Str: 19    XL:     2   Next: 70%
Magic:  2/2        EV:  9    Int:  8    God:
Gold:   11         SH:  4    Dex:  9    Spells: 1/1 levels left

rFire   . . .      SeeInvis .   a - +0 flail
rCold   . . .      Faith    .   c - +0 buckler
rNeg    + . .      Spirit   .   b - +0 scale mail
rPois   ∞          Reflect  .   (no helmet)
rElec   +          Harm     .   (no cloak)
rCorr   .          Rampage  .   (no gloves)
Will    .....                   (no boots)
Stlth   ..........              (no amulet)
HPRegen 0.06/turn               (no ring)
MPRegen 0.08/turn               (no ring)

@: mighty
A: sickness immunity, AC +2, negative energy resistance 1, electricity
resistance, torment resistance 1, petrification resistance
a: no special abilities


You were on level 1 of the Dungeon.
You visited 1 branch of the dungeon, and saw 1 of its levels.

You collected 11 gold pieces.

Inventory:

Hand Weapons
 a - a +0 flail (weapon)
Armour
 b - a +0 scale mail (worn)
 c - a +0 buckler (worn)
Scrolls
 e - a scroll of brand weapon {unknown}
 f - a scroll of fog {unknown}
 g - a scroll of blinking {unknown}


   Skills:
 + Level 3.8 Fighting
 + Level 2.6 Maces & Flails
 - Level 3.2 Armour
 - Level 3.2 Shields


You had one spell level left.
You didn't know any spells.
Your spell library contained the following spells:

 Spells                   Type           Power      Damage    Failure   Level
 Blink                    Tloc           0%         N/A       91%         2
 Manifold Assault         Tloc           0%         N/A       100%        5
 Storm Form               Tmut/Air       0%         N/A       100%        7


Dungeon Overview and Level Annotations

Branches:
Dungeon (1/15)

Altars:


Innate Abilities, Weirdness & Mutations

You are immune to sickness and miasma.
Your stone body is resilient. (AC +2)
You are immune to poison.
You resist negative energy. (rN+)
You are resistant to electric shocks. (rElec)
You are resistant to unholy torment.
You are immune to petrification.


Message History

The kobold hits you with a +4 short sword.
Your scale mail prevents you from hitting the kobold.
The kobold is moderately wounded.
The hobgoblin hits you but does no damage.
The rat bites you but does no damage. You block the kobold's attack.
The hobgoblin barely misses you. The rat bites you but does no damage.
You closely miss the kobold.
The kobold is moderately wounded.
The kobold hits you but does no damage.
The hobgoblin hits you but does no damage.
The rat bites you but does no damage.
You barely miss the kobold.
The kobold is moderately wounded.
The kobold hits you with a +4 short sword.
The hobgoblin closely misses you. The rat bites you but does no damage.
The kobold barely misses you.
You closely miss the kobold.
The kobold is moderately wounded.
The hobgoblin hits you but does no damage.
You block the rat's attack. The kobold hits you but does no damage.
The hobgoblin hits you but does no damage.
The rat bites you.
You barely miss the kobold.
The kobold is moderately wounded.
The kobold hits you but does no damage. You block the hobgoblin's attack.
You block the rat's attack.
You closely miss the kobold.
The kobold is moderately wounded.
The kobold hits you with a +4 short sword!
* * * LOW HITPOINT WARNING * * *
You block the hobgoblin's attack. The rat bites you but does no damage.
The kobold hits you with a +4 short sword.
* * * LOW HITPOINT WARNING * * *
You feel very mighty all of a sudden.
The hobgoblin hits you but does no damage.
The rat closely misses you. The kobold completely misses you.
You closely miss the kobold.
The kobold is moderately wounded.
The hobgoblin hits you.
You die...

....... ##.......
#........ #........ ###
### #........ #.. #.####
#(....... #.#
#....###Kr...... ###.#
########.##....@g.....[
#...#
##...............#......
###.##.
#..######.####..## #####
##...... ..## #.#
##..### #...#### ### #..
#.....### ####..## ##
##.##.###..K###...†.# #.
.##. ###..##.#.### #.
.... ##.#....# #.
...#######....### ##.


You could see a hobgoblin, a kobold and a rat.

Vanquished Creatures
  2 bats (D:1)
  An endoplasm (D:1)
  2 giant cockroaches (D:1)
  4 goblins (D:1)
  A hobgoblin (D:1)
  A quokka (D:1)
  3 kobolds (D:1)
  A rat (D:1)
15 creatures vanquished.

Notes
Turn   | Place    | Note
-------+----------+-------------------------------------------
     0 | D:1      | Ijustatesigmund the Gargoyle Fighter began the quest for
                  | the Orb.
     0 | D:1      | Reached XP level 1. HP: 14/14 MP: 1/1
   137 | D:1      | Reached XP level 2. HP: 9/19 MP: 2/2
   566 | D:1      | Slain by a hobgoblin

Illustrated notes

Levels and vault maps discovered:
D:1:      saegor_arrival_simple_d, layout_rooms

Action                   || total
-------------------------++-------
Melee: Flail             ||    54
  Use: Potion            ||     1
Armor: Scale mail        ||    50
Dodge: Dodged            ||    30
Block: Buckler           ||    18

Table legend: (Time is in decaauts)
 A = Elapsed time spent in this place.
 B = Non-inter-level travel time spent in this place.
 C = Inter-level travel time spent in this place.
 D = Time resting spent in this place.
 E = Time spent auto-exploring this place.
 F = Levels seen in this place.
 G = Mean time per level.
                   A        B        C        D        E       F      G
               +--------+--------+--------+--------+--------+-----+--------+
         Total |    582 |    582 |      0 |    222 |    223 |   1 |  582.0 |
       Dungeon |    582 |    582 |      0 |    222 |    223 |   1 |  582.0 |
               +--------+--------+--------+--------+--------+-----+--------+

Top non-repeatable levels by time:
     D:1: 582 daAuts
